 Dungeon Crawl Stone Soup version 0.29.0-4-gdea44cf6ec (webtiles) character file.

Game seed: 14932139723441792887

7 qw the Sneak (level 2, 0/19 HPs)
             Began as a Gargoyle Delver on Sept 10, 2022.
             Slain by an endoplasm (2 damage)
             ... on level 4 of the Dungeon.
             The game lasted 00:00:08 (557 turns).

qw the Sneak (Gargoyle Delver)                       Turns: 557, Time: 00:00:08

Health: 0/19       AC:  5    Str: 15    XL:     2   Next: 0%
Magic:  2/2        EV: 11    Int: 10    God:
Gold:   47         SH:  0    Dex: 11    Spells: 1/1 levels left

rFire   . . .      SeeInvis .   a - +0 hand axe
rCold   . . .      Faith    .   (no shield)
rNeg    + . .      Spirit   .   b - +0 leather armour
rPois   inf        Reflect  .   (no helmet)
rElec   +          Harm     .   (no cloak)
rCorr   .          Rampage  .   (no gloves)
Will    .....                   (no boots)
Stlth   +++.......              (no amulet)
HPRegen 0.06/turn               (no ring)
MPRegen 0.08/turn               (no ring)

@: no status effects
A: sickness immunity, AC +2, negative energy resistance 1, electricity
resistance, torment resistance 1, petrification resistance
a: no special abilities


You were on level 4 of the Dungeon.
You visited 1 branch of the dungeon, and saw 2 of its levels.

You collected 47 gold pieces.


Innate Abilities, Weirdness & Mutations

You are immune to sickness and miasma.
Your stone body is resilient. (AC +2)
You are immune to poison.
You resist negative energy. (rN+)
You are resistant to electric shocks. (rElec)
You are resistant to unholy torment.
You are immune to petrification.


   Skills:
 - Level 3.2 Fighting
 + Level 2.4 Axes
 - Level 1.5 Dodging
 - Level 5.4 Stealth


You had one spell level left.
You didn't know any spells.
Your spell library was empty.

Inventory:

Hand Weapons
 a - a +0 hand axe (weapon)
 c - a +0 club
Armour
 b - a +0 leather armour (worn)
Wands
 g - a wand of digging (3)
Scrolls
 d - a scroll of identify {unknown}
Potions
 e - a potion of attraction {unknown}
 f - a potion of haste

Dungeon Overview and Level Annotations

Branches:
Dungeon (5/15)
 Temple: D:4-7

Altars:


Message History

A gnoll comes into view. It is wielding a +0 whip.
The gnoll shouts!
An endoplasm comes into view.
547 ||| Stepping ~*~*~tactically~*~*~ (stealth).
An endoplasm, a gnoll bouda and 2 gnolls come into view.
The gnoll bouda shouts!
The endoplasm quivers.
The gnoll shouts!
You hear a shout!
The gnoll bouda barks out a call to the hunt!
The gnolls pick up the pace!
A gnoll comes into view. It is wielding a +0 club.
549 ||| Stepping ~*~*~tactically~*~*~ (hiding).
The gnoll barely misses you.
551 ||| Stepping ~*~*~tactically~*~*~ (hiding).
The gnoll attacks as you move away! The gnoll hits you with a +0 whip.
You hit the gnoll but do no damage. The gnoll hits you but does no damage.
You barely miss the gnoll. The gnoll closely misses you.
You hit the gnoll.
The gnoll is heavily wounded.
The gnoll closely misses you.
You hit the gnoll.
The gnoll is almost dead.
You hit the endoplasm but do no damage. The gnoll barely misses you.
The endoplasm freezes you.
You are frozen.
The gnoll misses you.
You closely miss the gnoll.
The gnoll is almost dead.
You closely miss the gnoll bouda. You hit the endoplasm.
The gnoll completely misses you. The endoplasm hits you.
The gnoll bouda hits you with a +0 whip.
The gnoll closely misses you.
You closely miss the gnoll.
The gnoll is almost dead.
You closely miss the gnoll bouda. You hit the endoplasm.
The gnoll hits you from afar with a +0 spear.
The endoplasm hits you.
You die... .gg #..#### .gg

....# # #..
##.## # #g. #
##.. # ..$ #
#'## #.g#####
##.g@..# #+#
##Jg.(## #.#
#.....### #.#
#.......## #.#
#....##..####.#
#####......##.#
#......##.#####
#.............#
#.....###.....#


You could see a gnoll bouda, 2 gnolls and an endoplasm.

Vanquished Creatures
  3 endoplasms (D:4)
  A goblin (D:4)
  A kobold (D:4)
5 creatures vanquished.

Notes
Turn   | Place    | Note
-------+----------+-------------------------------------------
     0 | D:5      | qw the Gargoyle Delver began the quest for the Orb.
     0 | D:5      | Reached XP level 1. HP: 14/14 MP: 1/1
     0 | D:5      | 0 ||| qw: Version: 0.1-a-116-g5d60599
     0 | D:5      | 0 ||| qw: Game counter: 8982
     0 | D:5      | 0 ||| qw: Always use a shield: true
     0 | D:5      | 0 ||| qw: God list: Okawaru
     0 | D:5      | 0 ||| qw: Allow faded altars: false
     0 | D:5      | 0 ||| qw: Do Orc after D:15 true
     0 | D:5      | 0 ||| qw: Do second Lair branch before Depths: true
     0 | D:5      | 0 ||| qw: Lair rune preference: random
     0 | D:5      | 0 ||| qw: Plans: Normal
     0 | D:5      | 0 ||| PLANNING D:1-11
    30 | D:5      | 30 ||| DROPPING scroll of fog.
    31 | D:5      | 31 ||| DROPPING scroll of magic mapping.
    32 | D:5      | 32 ||| DROPPING scroll of fear.
   287 | D:4      | Reached XP level 2. HP: 7/19 MP: 2/2
   547 | D:4      | 547 ||| Stepping ~*~*~tactically~*~*~ (stealth).
   549 | D:4      | 549 ||| Stepping ~*~*~tactically~*~*~ (hiding).
   551 | D:4      | 551 ||| Stepping ~*~*~tactically~*~*~ (hiding).
   557 | D:4      | HP: 2/19 [gnoll/+0 spear[a gnoll bouda] (4)]
   557 | D:4      | Slain by an endoplasm

Levels and vault maps discovered:
D:4:      layout_basic, chequers_serial_rivers_micro_d
D:5:      layout_loops_ring, serial_shops, nicolae_shop_overgrown_old_shop

Skill      XL: |  1 |
---------------+----+-----
Axes           | 2 |  2.4
Fighting       | |  3.2
Dodging        | |  1.5
Stealth        | |  5.4

Action                   || total
-------------------------++-------
Melee: Hand axe          ||    20
 Stab: Sleeping          ||     1
Armor: Leather armour    ||     7
Dodge: Dodged            ||     8

Table legend:
 A = Non-vault XP
 B = Vault XP
 C = Vault XP percentage of total XP
 D = Non-vault monster count
 E = Vault monster count
 F = Vault count percentage of total count
                 A         B        C        D         E       F
            +---------+---------+-------+---------+---------+-------
      Total |      10 |       0 |   0.0 |       5 |       0 |   0.0
            +---------+---------+-------+---------+---------+-------
        D:4 |      10 |       0 |   0.0 |       5 |       0 |   0.0
            +---------+---------+-------+---------+---------+-------
